 Dungeon Sprint DCSS version 0.31-a0-18-gea43df2a32 (webtiles) character file.

Game seed: 8534445762781441555

3233 sircluck the Brawler (level 9, -14/97 HPs)
             Began as a Troll Berserker on May 9, 2023.
             Was the Champion of Trog.
             Demolished by a swamp dragon (15 damage)
             ... in the Dungeon (Sprint VII: "The Pits").
             The game lasted 00:03:52 (706 turns).

sircluck the Brawler (Troll Berserker)               Turns: 706, Time: 00:03:54

Health: -14/97     AC:  7    Str: 34    XL:     9   Next: 66%
Magic:  8/8        EV: 12    Int:  6    God:    Trog [******]
Gold:   14         SH:  0    Dex:  9    Spells: 8/8 levels left

rFire   . .          .
                       - Unarmed
rCold   . . .        (no shield)
rNeg    . . .        a - +0 animal skin
rPois   .            (helmet restricted)
rElec   .            i - +2 cloak
rCorr   .            (gloves unavailable)
SInv    .            (boots unavailable)
Will    .....        (no amulet)
Stlth   ++           k - +3 ring of strength
HPRegen 1.16/turn    l - +3 ring of intelligence
MPRegen 0.11/turn

%: no teleportation
@: lethally poisoned (-14 -> -53)
A: large, unfitting armour, claws 3, regeneration 1, shaggy fur 1, tough skin 1
a: Renounce Religion, Berserk, Trog's Hand, Brothers in Arms


You were in the Dungeon.
You worshipped Trog.
Trog was exalted by your worship.
You visited 1 branch You collected 14 gold pieces.

Inventory:

Missiles
 j - 10 stones (quivered)
Armour
 a - a +0 animal skin (worn)
 i - a +2 cloak (worn)
 m - a +0 cloak
Jewellery
 k - a +3 ring of strength (left claw)
 l - a +3 ring of intelligence (right claw)
Wands
 g - a wand of flame (7)
Potions
 b - 4 potions of curing
 d - a potion of haste
 e - 4 potions of magic
 f - 6 potions of berserk rage
 h - 2 potions of invisibility


   Skills:
 + Level 8.9 Fighting
 + Level 10.4 Dodging
 + Level 1.9 Stealth
 + Level 16.1 Unarmed Combat


You had 8 spell levels left.
You didn't know any spells.
Your spell library was empty.

Dungeon Overview and Level Annotations

Branches:
Dungeon (1/1)

Altars:
Ashenzari
Cheibriados
Dithmenos
Elyvilon
Fedhas
Gozag
Hepliaklqana
Kikubaaqudgha
Makhleb
Nemelex Xobeh
Okawaru
Qazlal
Ru
Sif Muna
Trog
Uskayaw
Vehumet
Wu Jian
Xom
Yredelemnul
Zin
The Shining One
Jiyva
Lugonu


Innate Abilities, Weirdness & Mutations

You are too large for most types of armour.
You have claws for hands.
Your natural rate of healing is unusually fast.
You are covered in fur. (AC +1)
You have tough skin. (AC +1)


Message History

* * * LOW HITPOINT WARNING * * *
You are lethally poisoned!
The redback poisons you! The redback misses you. The guardian mummy misses you.
The swamp dragon closely misses you.
The swamp dragon claws you but does no damage.
The swamp dragon tramples you.
* * * LOW HITPOINT WARNING * * *
You hold your ground!
You feel much better.
You feel extremely sick. The redback bites you.
* * * LOW HITPOINT WARNING * * *
The swamp dragon bites you but does no damage.
The swamp dragon claws you but does no damage.
The swamp dragon barely misses you. The guardian mummy closely misses you.
You mangle the guardian mummy!!
You destroy the guardian mummy!
Trog accepts your kill.
You feel extremely nervous for a moment...
You shiver with cold.
* * * LOW HITPOINT WARNING * * *
You feel extremely sick. The redback bites you.
* * * LOW HITPOINT WARNING * * *
The redback bites you but does no damage.
Your Unarmed Combat skill increases to level 16!
You feel much better.
* * * LOW HITPOINT WARNING * * *
You feel extremely sick. The swamp dragon bites you!
* * * LOW HITPOINT WARNING * * *
The swamp dragon claws you.
* * * LOW HITPOINT WARNING * * *
The swamp dragon tramples you but does no damage.
The redback bites you but does no damage.
You feel better. The redback bites you!
* * * LOW HITPOINT WARNING * * *
You are lethally poisoned!
The redback poisons you! The swamp dragon bites you!
You die...

#....###...#
#...##.'...+ .....
#..##..##'## #...#
#..#..##...## +...#
#..#..#..)..# #...#
#..†..+.....+ +...+
#..#..#.....# #...#
#.)#..##...## +.s.#
#..##..##'## ##@..##
#...##.+...+ ##..D..#
#....###...###...#...#
#......#...')...###...#
################# ####


You could see a swamp dragon and a redback.

Vanquished Creatures
  Maurice (D)
  A smoke demon (D)
  A kobold demonologist (D)
  3 guardian mummies (D)
  Prince Ribbit (D)
  Menkaure (D)
  A floating eye (D)
  An ice beast (D)
  A kobold brigand (D)
  A necrophage (D)
  2 small abominations (D)
  A quasit (D)
  A hound (D)
  2 iguanas (D)
  A river rat (D)
  A white imp (D)
  An ufetubus (D)
  A worm (D)
  A ball python (D)
  A bat zombie (D)
  An endoplasm (D)
  2 goblins (D)
  A hobgoblin (D)
  4 quokkas (D)
  A bat (D)
  A frilled lizard (D)
  A rat (D)
35 creatures vanquished.

Vanquished Creatures (collateral kills)
  A komodo dragon (D)
  A hellwing (D)
  2 vampire mosquitoes (D)
4 creatures vanquished.

Grand Total: 39 creatures vanquished

Notes
Turn   | Place    | Note
-------+----------+-------------------------------------------
     0 | D        | sircluck the Troll Berserker began the quest for the Orb.
     0 | D        | Reached XP level 1. HP: 22/22 MP: 0/0
    65 | D        | Found a bloodstained altar of Trog.
    65 | D        | Found a shimmering blue altar of Sif Muna.
    65 | D        | Found a viscous altar of Jiyva.
    65 | D        | Found a hazy altar of Hepliaklqana.
    65 | D        | Found an opulent altar of Gozag.
    66 | D        | Found a glowing golden altar of the Shining One.
    66 | D        | Found a glowing silver altar of Zin.
    66 | D        | Found a basalt altar of Yredelemnul.
    66 | D        | Found a shimmering altar of Xom.
    66 | D        | Found an ornate altar of the Wu Jian Council.
    66 | D        | Found a sacrificial altar of Ru.
    66 | D        | Found a stormy altar of Qazlal.
    66 | D        | Found an iron altar of Okawaru.
    66 | D        | Found a sparkling altar of Nemelex Xobeh.
    66 | D        | Found a burning altar of Makhleb.
    66 | D        | Found a blossoming altar of Fedhas.
    66 | D        | Found a white marble altar of Elyvilon.
    66 | D        | Found a shadowy altar of Dithmenos.
    66 | D        | Found a snail-covered altar of Cheibriados.
    68 | D        | Found a radiant altar of Vehumet.
    68 | D        | Found a corrupted altar of Lugonu.
    69 | D        | Found a hide-covered altar of Uskayaw.
    69 | D        | Found an ancient bone altar of Kikubaaqudgha.
    69 | D        | Found a broken altar of Ashenzari.
    96 | D        | Reached ** piety under Trog
   103 | D        | Noticed a floating eye
   109 | D        | Killed a floating eye
   110 | D        | Reached skill level 5 in Dodging
   110 | D        | Reached skill level 6 in Unarmed Combat
   110 | D        | Reached XP level 2. HP: 12/33 MP: 1/1
   110 | D        | Reached XP level 3. HP: 15/41 MP: 2/2
   110 | D        | Reached XP level 4. HP: 18/49 MP: 3/3
   110 | D        | Reached *** piety under Trog
   112 | D        | Reached skill level 5 in Fighting
   185 | D        | Noticed a kobold brigand
   194 | D        | Killed a kobold brigand
   194 | D        | Reached **** piety under Trog
   195 | D        | Reached skill level 7 in Unarmed Combat
   195 | D        | Reached XP level 5. HP: 42/59 MP: 4/4
   202 | D        | Reached skill level 8 in Unarmed Combat
   202 | D        | Noticed Prince Ribbit
   219 | D        | Killed Prince Ribbit
   220 | D        | Reached skill level 9 in Unarmed Combat
   220 | D        | Reached XP level 6. HP: 48/68 MP: 5/5
   245 | D        | Reached ***** piety under Trog
   258 | D        | Noticed a guardian mummy
   273 | D        | Reached skill level 10 in Unarmed Combat
   276 | D        | Killed a guardian mummy
   277 | D        | Reached skill level 11 in Unarmed Combat
   277 | D        | Reached XP level 7. HP: 78/78 MP: 6/6
   330 | D        | Received a gift from Trog
   454 | D        | Noticed a smoke demon
   462 | D        | Killed a smoke demon
   463 | D        | Reached skill level 12 in Unarmed Combat
   463 | D        | Reached XP level 8. HP: 69/88 MP: 7/7
   474 | D        | Noticed Maurice
   475 | D        | Noticed a komodo dragon
   485 | D        | Noticed a small abomination
   494 | D        | Killed a komodo dragon
   495 | D        | Reached skill level 1 in Stealth
   495 | D        | Reached skill level 13 in Unarmed Combat
   499 | D        | Noticed a hellwing
   503 | D        | Killed a hellwing
   504 | D        | Reached skill level 14 in Unarmed Combat
   520 | D        | Killed Maurice
   521 | D        | Reached XP level 9. HP: 28/97 MP: 8/8
   599 | D        | Noticed Menkaure
   608 | D        | Killed Menkaure
   609 | D        | Reached skill level 10 in Dodging
   609 | D        | Reached skill level 15 in Unarmed Combat
   639 | D        | Noticed a kobold demonologist
   644 | D        | Noticed a rust devil
   645 | D        | Noticed a smoke demon
   645 | D        | Killed a kobold demonologist
   650 | D        | Noticed a guardian mummy
   656 | D        | Killed a guardian mummy
   683 | D        | Reached ****** piety under Trog
   683 | D        | Received a gift from Trog
   688 | D        | Noticed a swamp dragon
   688 | D        | Noticed a guardian mummy
   704 | D        | Killed a guardian mummy
   705 | D        | Reached skill level 16 in Unarmed Combat
   706 | D        | HP: 1/97 [redback (12)]
   706 | D        | Demolished by a swamp dragon

Illustrated notes

Levels and vault maps discovered:
D:        pitsprint [storerooms_1, entrance_room_1, metal_vault_6, armoury_2,
          mini_pit_1, grid_room_1, main_hall_1, silver_pit, the_coven_1,
          the_vestibule_1, steel_vault_2, golden_pit, hallway_of_sentries,
          crystal_vault_2, iron_vault_4, final_vault]

Skill      XL: |  1  2  3  4  5  6  7  8  9 |
---------------+----------------------------+-----
Dodging        | 5 7 8 9 10 | 10.4
Fighting       | 4 5 6 7 8 |  8.9
Unarmed Combat | 6 7 9 11 12 14 16 | 16.1
Stealth        | 1 |  1.9

Action                     |  1- 3 |  4- 6 |  7- 9 || total
---------------------------+-------+-------+-------++-------
  Melee: Unarmed           |    14 |    40 |    57 ||   111
         Punch             |     1 |     2 |     3 ||     6
 Invoke: Berserk           |       |     1 |       ||     1
         Brothers in Arms  |       |       |     2 ||     2
    Use: Potion            |       |     1 |    11 ||    12
         Scroll            |       |       |     1 ||     1
   Stab: Distracted        |       |       |     1 ||     1
 Armour: Animal skin       |     2 |     9 |    33 ||    44
  Dodge: Dodged            |     5 |    18 |    37 ||    60

Table legend: (Time is in decaauts)
 A = Elapsed time spent in this place.
 B = Non-inter-level travel time spent in this place.
 C = Inter-level travel time spent in this place.
 D = Time resting spent in this place.
 E = Time spent auto-exploring this place.
 F = Levels seen in this place.
 G = Mean time per level.
                   A        B        C        D        E       F      G
               +--------+--------+--------+--------+--------+-----+--------+
         Total |    697 |    634 |     63 |    119 |    141 |   1 |  697.0 |
       Dungeon |    697 |    634 |     63 |    119 |    141 |   1 |  697.0 |
               +--------+--------+--------+--------+--------+-----+--------+

Top non-repeatable levels by time:
       D: 697 daAuts
